 Dungeon Crawl Stone Soup version 0.31-a0-538-gbc85326fa9 (webtiles) character file.

Game seed: 14231416470556873654

5715 zero the Grappler (level 10, -2/107 HPs)
             Began as a Troll Gladiator on Aug 13, 2023.
             Was a Priest of Ru.
             Slain by a river rat (8 damage)
             ... on level 8 of the Dungeon.
             The game lasted 00:07:41 (6068 turns).

zero the Grappler (Troll Gladiator)                 Turns: 6068, Time: 00:07:42

Health: -2/107     AC:  8    Str: 26    XL:     10   Next: 48%
Magic:  0/11       EV: 11    Int:  4    God:    Ru [***...]
Gold:   1060       SH:  0    Dex: 13    Spells: 9/9 levels left

rFire   . .          .
                       - Unarmed
rCold   . . .        (no shield)
rNeg    . . .        w - +0 steam dragon scales
rPois   .            b - +0 hat
rElec   .            t - +0 cloak
rCorr   .            (gloves unavailable)
SInv    .            (boots unavailable)
Will    +....        g - amulet of guardian spirit
Stlth   +            y - ring of willpower
HPRegen 1.17/turn    a - ring of flight
MPRegen 0.12/turn

%: guardian spirit
@: lethally poisoned (-2 -> -19), on berserk cooldown, flying, slowed, very slow
A: large, unfitting armour, claws 3, regeneration 1, shaggy fur 1, tough skin 1,
inability to use devices, no fire magic, no summoning magic, no transmutations
magic
a: Renounce Religion, Draw Out Power


You were on level 8 of the Dungeon.
You worshipped Ru.
Ru was most pleased with you.
You visited 1 branch of the dungeon, and saw 8 of its levels.
You also visited: Bailey.

You collected 1060 gold pieces.

Inventory:

Missiles
 c - 3 throwing nets
 d - 4 large rocks
 m - 19 boomerangs (quivered)
Armour
 b - a +0 hat (worn)
 t - a +0 cloak (worn)
 w - +0 steam dragon scales (worn)
Jewellery
 a - a ring of flight (right claw)
 g - an amulet of guardian spirit (around neck)
 y - a ring of willpower (left claw)
Scrolls
 e - a scroll of teleportation
 l - 2 scrolls of immolation
 n - 3 scrolls of fog
 u - a scroll of vulnerability
 v - a scroll of enchant weapon
 x - a scroll of identify
 z - 2 scrolls of revelation
Potions
 f - 3 potions of might
 h - a potion of ambrosia {unknown}
 i - 4 potions of enlightenment
 j - a potion of lignification {unknown}
 k - 5 potions of curing
 o - a potion of cancellation
 p - 2 potions of attraction
 r - 2 potions of mutation


   Skills:
 * Level 9.1 Fighting
 - Level 3.0 Throwing
 + Level 2.1 Armour
 + Level 3.8 Dodging
 + Level 10.3 Unarmed Combat
 - Level 3.0 Invocations


You had 9 spell levels left.
You didn't know any spells.
Your spell library contained the following spells:

 Spells                   Type           Power      Damage    Failure   Level
 Apportation              Tloc           0%         N/A       50%         1
 Kiss of Death            Conj/Necr      0%         2d5       50%         1
 Blink                    Tloc           0%         N/A       65%         2
 Lesser Beckoning         Tloc           0%         N/A       65%         2
 Momentum Strike          Conj/Tloc      0%         3d8       65%         2
 Confusing Touch          Hex            0%         N/A       86%         3
 Dispel Undead            Necr           0%         3d6       99%         4
 Fulminant Prism          Conj/Hex       0%         3d5       99%         4
 Summon Small Mammal      Summ           Unusable   N/A       N/A         1
 Ignite Poison            Fire/Tmut/Pois Unusable   N/A       N/A         3
 Sticky Flame             Conj/Fire      Unusable   2d3       N/A         4
 Alistair's Intoxication  Tmut/Pois      Unusable   N/A       N/A         5
 Malign Gateway           Summ/Tloc      Unusable   N/A       N/A         7
 Ignition                 Fire           Unusable   3d3       N/A         8

Dungeon Overview and Level Annotations

Branches:
Dungeon (8/15)             Temple (0/1) D:7          Bailey (visited)
   Lair: D:8-11

Altars:
Cheibriados
Dithmenos
Elyvilon
Hepliaklqana
Ru
Sif Muna
Trog
Xom
Yredelemnul

Shops:
D:4 :   D:5 (

Annotations:
D:5 exclusion: moth of wrath


Innate Abilities, Weirdness & Mutations

You are too large for most types of armour.
You have claws for hands.
Your natural rate of healing is unusually fast.
You are covered in fur. (AC +1)
You have tough skin. (AC +1)
You cannot study or use magical devices.
You cannot study or cast Fire magic.
You cannot study or cast Summoning magic.
You cannot study or cast Transmutations magic.


Message History

* * * LOW HITPOINT WARNING * * *
You are more poisoned.
The killer bee poisons you!
You focus your inner power and blind the killer bee in retribution!
The killer bee stings you.
* * * LOW HITPOINT WARNING * * *
The killer bee stings you but does no damage.
You see here a hell rat corpse.
You feel a strong urge to attack something.
You are no longer berserk.
You are exhausted.
You feel yourself slow down.
* * * LOW HITPOINT WARNING * * *
You feel very sick.
The river rat is stunned by your conviction and fails to attack.
There is a stone staircase leading up, spattered with blood here.
You feel much better.
You feel very sick.
The killer bee is no longer blind.
The killer bee stings you but does no damage.
The killer bee is stunned by your conviction and fails to attack.
The killer bee closely misses you. The killer bee misses you.
The river rat bites you.
* * * LOW HITPOINT WARNING * * *
The killer bee stings you.
* * * LOW HITPOINT WARNING * * *
The killer bee closely misses you.
You feel very sick.
The killer bee stops glowing.
The killer bee stings you.
* * * LOW HITPOINT WARNING * * *
You are lethally poisoned!
The killer bee poisons you!
The killer bee is stunned by your conviction and fails to attack.
The killer bee stings you.
* * * LOW HITPOINT WARNING * * *
You are more poisoned.
The killer bee poisons you!
You focus your inner power and blind the killer bee in retribution!
The killer bee barely misses you. The river rat bites you!
You die...

########## #........#
.## #........######....
#.................#
#####.##††........#
#..[..#.......#
#.#######...##........
#.:...zy@............#
......†(yr#..##.......#
####..####...#........#
#.. ##.#...#######. ...
#.......... z.#.
#..#.[.###. .#..
#...#....... ###
.>/..........
##...#.###....


You could see 2 killer bees, a wight and a river rat.

Vanquished Creatures
  3 death yaks (D:8)
  2 steam dragons
  8 orc warriors
  5 black bears
  A sky beast (D:6)
  3 ogres
  3 centaurs
  2 phantoms
  A kobold brigand (D:7)
  A bullfrog (D:6)
  A necrophage (D:4)
  A scorpion (D:6)
  8 wights
  6 killer bees (D:8)
  A human zombie (D:4)
  2 jellies
  Crazy Yiuf (D:2)
  3 gnoll boudas
  3 orc priests
  2 hounds (D:4)
  A sleepcap (D:4)
  An iron imp (D:7)
  2 iguanas (D:5)
  A hell rat (D:8)
  2 hound zombies (D:4)
  A howler monkey zombie (D:4)
  2 mummies (D:4)
  13 gnolls
  6 adders
  A river rat (D:8)
  2 shadow imps
  3 adder zombies (D:4)
  4 worms
  A dart slug (D:1)
  15 orcs
  4 ball pythons
  3 endoplasms
  3 giant cockroaches (D:3)
  10 goblins
  7 hobgoblins
  4 jackals (D:2)
  6 quokkas
  4 bats
  7 frilled lizards
  24 kobolds
  A quokka zombie (D:4)
  14 rats
199 creatures vanquished.

Vanquished Creatures (others)
  A kobold (D:7)
1 creature vanquished.

Grand Total: 200 creatures vanquished

Notes
Turn   | Place    | Note
-------+----------+-------------------------------------------
     0 | D:1      | zero the Troll Gladiator began the quest for the Orb.
     0 | D:1      | Reached XP level 1. HP: 19/19 MP: 0/0
   188 | D:1      | Found a faded altar of an unknown god.
   214 | D:1      | Prayed at the altar of an unknown god.
   214 | D:1      | Became a worshipper of Elyvilon the Healer
   214 | D:1      | Reached * piety under Elyvilon
   263 | D:1      | Reached XP level 2. HP: 27/27 MP: 1/1
   410 | D:1      | Reached skill level 4 in Unarmed Combat
   456 | D:1      | Reached XP level 3. HP: 33/33 MP: 2/2
   785 | D:2      | Found a runed translucent door.
   786 | D:2      | Noticed Crazy Yiuf
   843 | D:2      | Reached ** piety under Elyvilon
   927 | D:2      | Reached skill level 1 in Invocations
   970 | D:2      | Got the Grimoire of Collective Interference
  1404 | D:2      | Killed Crazy Yiuf
  1405 | D:2      | Reached XP level 4. HP: 4/41 MP: 4/4
  1475 | D:3      | Found a white marble altar of Elyvilon.
  1658 | D:3      | Reached *** piety under Elyvilon
  1685 | D:3      | Found a sacrificial altar of Ru.
  1720 | D:3      | Fell from the grace of Elyvilon
  1720 | D:3      | Became a worshipper of Ru the Awakened
  1827 | D:3      | Noticed an ogre
  1832 | D:3      | Killed an ogre
  1833 | D:3      | Reached skill level 5 in Unarmed Combat
  1833 | D:3      | Reached XP level 5. HP: 25/48 MP: 1/6
  2106 | D:4      | Reached XP level 6. HP: 49/55 MP: 7/7
  2142 | D:4      | Found Dusmue's Tiny Tomes.
  2319 | D:4      | Reached skill level 6 in Unarmed Combat
  2749 | D:4      | Found a basalt altar of Yredelemnul.
  2768 | D:4      | Reached skill level 7 in Unarmed Combat
  2770 | D:4      | Reached XP level 7. HP: 11/59 MP: 2/8
  2947 | D:5      | Entered Level 5 of the Dungeon
  3028 | D:5      | Reached skill level 8 in Unarmed Combat
  3040 | D:5      | Found Beveone's Antique Weapon Boutique.
  3051 | D:5      | Gained mutation: You cannot study or cast Fire magic. [Ru
                  | sacrifice]
  3051 | D:5      | Gained mutation: You cannot study or cast Transmutations
                  | magic. [Ru sacrifice]
  3051 | D:5      | Gained mutation: You cannot study or cast Summoning magic.
                  | [Ru sacrifice]
  3051 | D:5      | Reached * piety under Ru
  3149 | D:5      | Found a hazy altar of Hepliaklqana.
  3194 | D:5      | Reached skill level 9 in Unarmed Combat
  3409 | D:5      | Reached XP level 8. HP: 67/70 MP: 9/9
  3496 | D:5      | Noticed a moth of wrath
  3499 | D:5      | Found a bloodstained altar of Trog.
  3767 | D:6      | Reached skill level 10 in Unarmed Combat
  3883 | D:6      | Found a shimmering blue altar of Sif Muna.
  3919 | D:6      | Found a shimmering altar of Xom.
  4211 | D:6      | Reached XP level 9. HP: 70/85 MP: 8/10
  4474 | D:6      | Reached skill level 5 in Fighting
  4962 | D:7      | Found a flagged portal.
  4969 | Bailey   | Entered a bailey
  5032 | Bailey   | Gained mutation: You cannot study or use magical devices.
                  | [Ru sacrifice]
  5032 | Bailey   | Reached ** piety under Ru
  5032 | Bailey   | Reached *** piety under Ru
  5548 | D:7      | Found a staircase to the Ecumenical Temple.
  5679 | D:7      | Found a shadowy altar of Dithmenos.
  5924 | D:7      | Found a snail-covered altar of Cheibriados.
  5977 | D:8      | Reached XP level 10. HP: 99/105 MP: 8/11
  6013 | D:8      | Noticed a death yak
  6033 | D:8      | Noticed a death yak
  6035 | D:8      | Killed a death yak
  6036 | D:8      | Reached skill level 1 in Armour
  6045 | D:8      | Noticed a death yak
  6045 | D:8      | HP: 4/106 [river rat (4)]
  6051 | D:8      | Killed a death yak
  6058 | D:8      | Killed a death yak
  6068 | D:8      | Slain by a river rat

Illustrated notes

Levels and vault maps discovered:
D:1:      dpeg_arrival_rooms_a, layout_loops_ring,
          hellmonk_ecumenical_altar_run_dry
D:2:      layout_loops_cross, item_on_display_a, uniq_crazy_yiuf_cottage
D:3:      layout_rooms, nicolae_ru_the_path_less_chosen,
          overflow_temple_1_default, grunt_ministairs_7,
          minmay_misc_feat_columns, minmay_fountain_box, st_stairs_3
D:4:      layout_basic, lemuel_mausoleum_altar_yredelemnul, grunt_ministairs_3,
          minmay_misc_feat_encased, nicolae_shop_i_like_small_books_too
D:5:      layout_loops_ring, tgw_trog, old_standard_altar, serial_shops,
          nicolae_stop_n_shop_2, minmay_misc_feat_chi
D:6:      layout_basic, mainiacjoe_overflow_chevrons, xom_butterflies
D:7:      layout_basic, slow_altar_2, mainiacjoe_overflow_surrounded_room,
          minmay_temple_entry_mist, enter_bailey_2
D:8:      layout_rooms, dpeg_lair_monsters

Skill      XL: |  1  2  3  4  5  6  7  8  9 10 |
---------------+-------------------------------+-----
Unarmed Combat | 4 5 7 9 10 | 10.3
Invocations    | 1 2 3 |  3.0
Throwing       | 3 |  3.0
Fighting       | 4 8 9 |  9.1
Dodging        | 3 |  3.8
Armour         | 2 |  2.1

Action                     |  1- 3 |  4- 6 |  7- 9 | 10-12 || total
---------------------------+-------+-------+-------+-------++-------
  Melee: Unarmed           |   103 |   114 |   319 |    37 ||   573
         Punch             |     1 |     5 |    19 |     7 ||    32
  Throw: Boomerang         |       |       |    26 |       ||    26
 Invoke: Sacrifice Arcana  |       |       |     1 |       ||     1
         Sacrifice Artific |       |       |     1 |       ||     1
    Use: Scroll            |       |    13 |     6 |       ||    19
         Potion            |       |       |     1 |     3 ||     4
   Stab: Sleeping          |       |     2 |       |       ||     2
         Invisible         |       |       |     2 |     1 ||     3
 Armour: Robe              |    23 |    25 |    19 |       ||    67
         Steam dragon scal |       |       |    86 |     9 ||    95
  Dodge: Dodged            |    52 |    79 |   150 |    27 ||   308

Table legend: (Time is in decaauts)
 A = Elapsed time spent in this place.
 B = Non-inter-level travel time spent in this place.
 C = Inter-level travel time spent in this place.
 D = Time resting spent in this place.
 E = Time spent auto-exploring this place.
 F = Levels seen in this place.
 G = Mean time per level.
                   A        B        C        D        E       F      G
               +--------+--------+--------+--------+--------+-----+--------+
         Total |   5981 |   5845 |    136 |    419 |   4173 |   9 |  664.6 |
       Dungeon |   5596 |   5460 |    136 |    407 |   3973 |   8 |  699.5 |
        Bailey |    384 |    384 |      0 |     12 |    200 |   1 |  384.0 |
               +--------+--------+--------+--------+--------+-----+--------+

Top non-repeatable levels by time:
     D:6: 952 daAuts
     D:4: 889 daAuts
     D:2: 848 daAuts
     D:7: 824 daAuts
     D:5: 789 daAuts
     D:1: 618 daAuts
     D:3: 566 daAuts
  Bailey: 384 daAuts
     D:8: 107 daAuts
